 Dungeon Crawl Stone Soup version 0.31-a0-188-g5e087ee2ca (webtiles) character file.

Game seed: 3863100579932699437

144 qw the Skirmisher (level 5, -10/29 HPs)
             Began as a Deep Elf Hunter on June 23, 2023.
             Mangled by an ogre
             ... wielding a +0 giant club
              (20 damage)
             ... on level 3 of the Dungeon.
             The game lasted 00:00:52 (2259 turns).

qw the Skirmisher (Deep Elf Hunter)                 Turns: 2259, Time: 00:00:52

Health: -10/29     AC:  7    Str: 10    XL:     5   Next: 5%
Magic:  7/7        EV:  9    Int: 14    God:
Gold:   105        SH:  0    Dex: 18    Spells: 4/4 levels left

rFire   . . .        Y - +0 orcbow
rCold   . . .        (shield currently unavailable)
rNeg    . . .        e - +0 scale mail
rPois   .            (no helmet)
rElec   .            (no cloak)
rCorr   .            (no gloves)
SInv    .            h - +0 pair of boots
Will    .....        (no amulet)
Stlth   +            (no ring)
HPRegen 0.24/turn    (no ring)
MPRegen 0.10/turn

%: no passive effects
@: no status effects
A: no striking features
a: no special abilities


You were on level 3 of the Dungeon.
You visited 1 branch of the dungeon, and saw 4 of its levels.

You collected 105 gold pieces.


   Skills:
 - Level 1.5 Fighting
 + Level 8.4 Ranged Weapons
 - Level 2.4 Dodging
 - Level 1.2 Stealth


You had 4 spell levels left.
You didn't know any spells.
Your spell library was empty.

Inventory:

Hand Weapons
 Y - a +0 orcbow (weapon)
Armour
 e - a +0 scale mail (worn)
 h - a +0 pair of boots (worn)
Scrolls
 f - a scroll of teleportation
Potions
 a - a potion of degeneration {unknown}
 d - 2 potions of heal wounds
 g - a potion of curing {unknown}

Dungeon Overview and Level Annotations

Branches:
Dungeon (4/15)
 Temple: D:4-7

Altars:
Qazlal

Shops:
D:1 *


Message History

You climb downwards.
You hear the sound of rushing water.
There is an entrance to a sewer on this level.
Hurry and find it before the portal rusts away!
Found 14 gold pieces.
Found a stone staircase leading up.
There is a stone staircase leading up here.
There are monsters nearby!
Waypoint 3 assigned to D:4.
2252 ||| PLANNING SEWER You shoot an arrow.
The arrow hits the endoplasm!
You kill the endoplasm!
You shoot an arrow. The arrow hits the sleepcap.
The sleepcap is lightly damaged.
You shoot an arrow. The arrow hits the sleepcap!
The sleepcap is moderately damaged.
The sleepcap releases spores at you but does no damage.
You shoot an arrow. The arrow hits the sleepcap.
The sleepcap is moderately damaged.
The sleepcap releases spores at you.
You are engulfed in a cloud of soporific spores!
You fall asleep.
The sleepcap releases spores at you!!
You wake up.
Ouch! That really hurt!
The ogre barely misses you.
2257 ||| STAIRDANCE The sleepcap closely misses you.
The ogre closely misses you.
You climb upwards.
There is a stone staircase leading down here.
Enter note:
Enter note:
Enter note:
Enter note:
Enter note:
Enter note: You shoot an arrow.
The arrow hits the sleepcap but does no damage.
The sleepcap is moderately damaged.
The sleepcap barely misses you.
The ogre hits you with a +0 giant club!!
Ouch! That really hurt!
You die...

#.###.#.### #..######.#.### #.#
#.#...# #.............. #.#
#.###.# ##.........#.### ##.#
#.# #.# #.......)....# #..# #.#
#.# #.#####..###.# #.## #.# #.#
###.# #..# #.# #.# #.# #.#
#...# #..###.# #.####.###.#
#f#.# #......###
#.#........###@#.#####.###....#
#.#.##.##..##..O........#.###..
#.#.##.##..##..##..............
#...................##..####...
#.#.#####.###..##....#..#####.)
#.#.#####.# #..####.#..........
#.#.......# #..# #..#.[#######
#.######### #.<####..#..# #.#
#...........#


You could see an ogre and a sleepcap.

Vanquished Creatures
  An iguana (D:3)
  An orc wizard (D:2)
  3 adders (D:2)
  2 worms (D:2)
  A dart slug (D:2)
  3 orcs (D:3)
  3 ball pythons
  7 bats
  5 endoplasms
  A giant cockroach (D:3)
  4 goblins
  A hobgoblin (D:3)
  3 jackals (D:1)
  4 kobolds
  4 quokkas
  7 frilled lizards
  6 rats
56 creatures vanquished.

Vanquished Creatures (others)
  A quokka (D:3)
1 creature vanquished.

Grand Total: 57 creatures vanquished

Notes
Turn   | Place    | Note
-------+----------+-------------------------------------------
     0 | D:1      | qw the Deep Elf Hunter began the quest for the Orb.
     0 | D:1      | Reached XP level 1. HP: 12/12 MP: 3/3
     0 | D:1      | 0 ||| qw: Version: 0.3-a-9-g12657ce
     0 | D:1      | 0 ||| qw: Game counter: 4013
     0 | D:1      | 0 ||| qw: Always use a shield: true
     0 | D:1      | 0 ||| qw: God list: Okawaru
     0 | D:1      | 0 ||| qw: Allow faded altars: false
     0 | D:1      | 0 ||| qw: Do Orc after D:15 true
     0 | D:1      | 0 ||| qw: Do second Lair branch before Depths: true
     0 | D:1      | 0 ||| qw: Lair rune preference: random
     0 | D:1      | 0 ||| qw: Plans: Normal
     0 | D:1      | 0 ||| PLANNING D:1-11
    13 | D:1      | Found Luup's General Store.
    21 | D:1      | 21 ||| SHOPLISTING ring of willpower (250 gold, have 0).
   144 | D:1      | Reached XP level 2. HP: 16/16 MP: 4/4
   228 | D:1      | Reached skill level 6 in Ranged Weapons
   848 | D:1      | 848 ||| READING scroll labelled XEHAUHUTOI.
   851 | D:1      | 851 ||| READING scroll labelled XEEGANENAG.
   852 | D:1      | 852 ||| DRINKING 4 metallic amethyst potions.
   853 | D:1      | 853 ||| DROPPING scroll of butterflies.
   901 | D:2      | Found a faded altar of an unknown god.
   969 | D:2      | HP: 4/16 [poisoned by an adder]
   970 | D:2      | 970 ||| DRINKING 3 potions of heal wounds.
   973 | D:2      | Reached XP level 3. HP: 14/20 MP: 5/5
  1029 | D:2      | 1029 ||| READING scroll labelled VOUDISCHOSMI.
  1073 | D:2      | 1073 ||| SWAPPING to +0 orcbow.
  1077 | D:2      | 1077 ||| DROPPING +1 shortbow.
  1095 | D:2      | Reached skill level 7 in Ranged Weapons
  1244 | D:2      | 1244 ||| UPGRADING to +0 pair of boots.
  1251 | D:2      | Reached XP level 4. HP: 25/25 MP: 6/6
  1349 | D:2      | 1349 ||| READING scroll labelled LIWALO KESARA.
  1351 | D:2      | 1351 ||| Stepping ~*~*~tactically~*~*~ (cloud).
  1355 | D:2      | HP: 6/25 [poisoned by you (poison gas)]
  1359 | D:2      | HP: 2/25 [poisoned by you (poison gas)]
  1491 | D:3      | 1491 ||| FLEEEEING.
  1496 | D:3      | HP: 5/25 [something (3)]
  1497 | D:3      | 1497 ||| FLEEEEING.
  1498 | D:3      | 1498 ||| FLEEEEING.
  1499 | D:3      | 1499 ||| STAIRDANCE
  1580 | D:3      | Reached skill level 8 in Ranged Weapons
  1914 | D:3      | Found a stormy altar of Qazlal.
  2025 | D:3      | Reached XP level 5. HP: 29/29 MP: 7/7
  2158 | D:3      | 2158 ||| UPGRADING to +0 scale mail.
  2168 | D:3      | 2168 ||| DROPPING +0 leather armour.
  2169 | D:3      | 2169 ||| READING scroll labelled HEOLIUPS RUBUYGOI.
  2222 | D:3      | 2222 ||| DRINKING 2 bubbling sapphire potions.
  2223 | D:3      | 2223 ||| DROPPING potion of magic.
  2251 | D:4      | Noticed an ogre
  2252 | D:4      | 2252 ||| PLANNING SEWER
  2257 | D:4      | 2257 ||| STAIRDANCE
  2259 | D:3      | Mangled by an ogre

Levels and vault maps discovered:
D:1:      dpeg_arrival_arbitrary_b, layout_basic, serial_shops,
          nicolae_shop_trees
D:2:      layout_rooms, serial_glass, glass_columns_a, glass_columns_b,
          glass_columns_b, glass_columns_b, glass_columns_b, glass_columns_a,
          glass_columns_c, glass_columns_a, ebering_ecumenical_altar_sacrificial
D:3:      layout_loops_ring, grunt_qazlal_clouds
D:4:      layout_rooms, lemuel_round_altar,
          nicolae_dithmenos_through_a_glass_darkly, lightli_sewer_entry_pipes

Skill      XL: |  1  2  3  4 |
---------------+-------------+-----
Ranged Weapons | 6 7 8 |  8.4
Fighting       | |  1.5
Dodging        | |  2.4
Stealth        | |  1.2

Action                     |  1- 3 |  4- 6 || total
---------------------------+-------+-------++-------
   Fire: Shortbow          |    73 |       ||    73
         Orcbow            |    33 |    58 ||    91
    Use: Scroll            |     3 |     2 ||     5
         Potion            |     2 |     1 ||     3
 Armour: Leather armour    |    14 |     5 ||    19
         Scale mail        |       |     1 ||     1
  Dodge: Dodged            |    25 |    15 ||    40

Table legend:
 A = Non-vault XP
 B = Vault XP
 C = Vault XP percentage of total XP
 D = Non-vault monster count
 E = Vault monster count
 F = Vault count percentage of total count
                 A         B        C        D         E       F
            +---------+---------+-------+---------+---------+-------
      Total |     207 |       0 |   0.0 |      56 |       0 |   0.0
            +---------+---------+-------+---------+---------+-------
        D:1 |      20 |       0 |   0.0 |      11 |       0 |   0.0
        D:2 |     121 |       0 |   0.0 |      28 |       0 |   0.0
        D:3 |      64 |       0 |   0.0 |      16 |       0 |   0.0
        D:4 |       2 |       0 |   0.0 |       1 |       0 |   0.0
            +---------+---------+-------+---------+---------+-------
